 Dungeon Crawl Stone Soup version 0.31-a0-263-ge8cad7f256 (webtiles) character file.

Game seed: 7628299779958343648

7231 bjtr the Geomancer (level 11, -1/67 HPs)
             Began as a Gargoyle Earth Elementalist on July 14, 2023.
             Was a Believer of Vehumet.
             Killed by divine providence
             ... invoked by an orc priest
              (13 damage)
             ... on level 9 of the Dungeon.
             The game lasted 00:41:26 (9061 turns).

bjtr the Geomancer (Gargoyle Earth Elementalist)    Turns: 9061, Time: 00:41:26

Health: -1/67      AC: 22    Str: 12    XL:     11   Next: 12%
Magic:  21/21      EV: 10    Int: 20    God:    Vehumet [**....]
Gold:   518        SH:  0    Dex: 10    Spells: 11/23 levels left

rFire   . . .        j - +0 eveningstar
rCold   . . .        R - +0 kite shield
rNeg    + . .        g - +0 steam dragon scales
rPois   ∞            o - +1 helmet
rElec   +            C - +1 cloak
rCorr   .            l - +1 pair of gloves
SInv    .            x - +2 pair of boots {Fly}
Will    .....        s - amulet of reflection
Stlth   +            (no ring)
HPRegen 0.31/turn    (no ring)
MPRegen 0.17/turn

%: reflection
@: confused, ambrosia-drunk, flying
A: sickness immunity, AC +8, negative energy resistance 1, electricity
resistance, torment resistance 1, petrification resistance
a: Renounce Religion


You were on level 9 of the Dungeon.
You worshipped Vehumet.
Vehumet was pleased with you.
You visited 2 branches of the dungeon, and saw 10 of its levels.

You collected 518 gold pieces.

Inventory:

Hand Weapons
 c - a +0 dagger
 f - a +0 hand axe
 i - a +0 sling
 j - a +0 eveningstar (weapon)
 m - a +0 dagger
 u - a +2 short sword of holy wrath
 B - a +4 quarterstaff of chaos
 F - a +1 war axe of pain
 H - a +3 war axe
 I - a +0 orcbow
 M - a +0 arbalest
Missiles
 e - a throwing net
 r - 18 poisoned darts
 L - a curare-tipped dart
Armour
 g - +0 steam dragon scales (worn)
 l - a +1 pair of gloves (worn)
 o - a +1 helmet (worn)
 x - a +2 pair of boots of flying (worn)
 C - a +1 cloak (worn)
 R - a +0 kite shield (worn)
Magical Staves
 y - the staff "Qajemykk" {rElec rC+ Str+4 Dex-5 Ice}
   (You found it on level 6 of the Dungeon)

   [staff of cold]

   Base accuracy: +5 Base damage: 5 Base attack delay: 1.2 This weapon's minimum
   attack delay (0.6) is reached at skill level 12.
   Str:       It affects your strength (+4).
   Dex:       It affects your dexterity (-5).
   rC:        It protects you from cold.
   rElec:     It insulates you from electricity.
   Ice:       It increases the power of your Ice spells.
   It falls into the 'Staves' category.
   It is a one-handed weapon.
Jewellery
 s - an amulet of reflection (around neck)
 w - a ring of ice
Talismans
 q - a granite talisman
 t - a beast talisman
 Q - a maw talisman
 S - a blade talisman
Wands
 d - a wand of flame (30)
 n - a wand of roots (6)
 v - a wand of paralysis (3)
 E - a wand of digging (4)
 J - a wand of acid (10)
Scrolls
 h - a scroll of silence
 p - 3 scrolls of teleportation
 z - 2 scrolls of fear
 A - a scroll of amnesia
 G - 3 scrolls of vulnerability
 K - a scroll of poison
 O - a scroll of identify
 P - a scroll of fog
Potions
 a - 3 potions of lignification
 b - 3 potions of magic
 k - 2 potions of curing
 N - a potion of might


   Skills:
 + Level 7.3 Fighting
 * Level 9.0 Maces & Flails
 + Level 2.1 Armour
 + Level 3.8 Dodging
 + Level 3.7 Stealth
 * Level 2.8 Shields
 + Level 6.8 Spellcasting
 - Level 0.7 Transmutations
 * Level 10.3 Earth Magic


You had 11 spell levels left.
You knew the following spells:

 Your Spells              Type           Power      Damage    Failure   Level
a - Sandblast             Erth           96%        2d20      1%          1
b - Passwall              Tmut/Erth      24%        N/A       5%          2
c - Stone Arrow           Conj/Erth      54%        3d10      13%         3
d - Petrify               Tmut/Erth      29%        N/A       36%         4
e - Searing Ray           Conj           12%        2d4       50%         2

Your spell library contained the following spells:

 Spells                   Type           Power      Damage    Failure   Level


Dungeon Overview and Level Annotations

Branches:
Dungeon (9/15)             Temple (1/1) D:6            Lair (0/5) D:8
    Orc (0/2) D:9

Altars:
Ashenzari
Cheibriados
Dithmenos
Elyvilon
Gozag
Kikubaaqudgha
Makhleb
Nemelex Xobeh
Okawaru
Qazlal
Ru
Sif Muna
Trog
Uskayaw
Vehumet
Wu Jian
Xom
Yredelemnul
Zin
The Shining One

Shops:
D:1 ?   D:8 :   D:9 (

Annotations:
D:3 dolemite99's ghost, amateur MiSh
D:8 3 runed translucent doors, MathMan16's ghost, journeyman OpSh
D:9 Erolcha


Innate Abilities, Weirdness & Mutations

You are immune to sickness and miasma.
Your stone body is resilient. (AC +8)
You are immune to poison.
You resist negative energy. (rN+)
You are resistant to electric shocks. (rElec)
You are resistant to unholy torment.
You are immune to petrification.


Message History

You hit the yak but do no damage.
The yak is almost dead.
The yak completely misses you.
You hit the yak.
The yak is almost dead.
The yak barely misses you. You block the yak's attack.
The orc priest miscasts a cantrip.
You puncture the yak!
You kill the yak!
Vehumet accepts your kill.
You feel your power returning.
The orc priest calls down the wrath of Beogh upon you.
Beogh smites you!
You sock the yak!
The yak is moderately wounded.
The yak gores you.
You sock the yak!
The yak is heavily wounded.
You block the yak's attack.
You closely miss the yak.
The yak is heavily wounded.
The yak gores you.
* * * LOW HITPOINT WARNING * * *
You block the yak's attack.
You hit the yak.
The yak is severely wounded.
The orc priest invokes the aid of Beogh against you.
Beogh smites you!
* * * LOW HITPOINT WARNING * * *
The yak barely misses you.
Unknown command.
You feel better. The yak barely misses you.
You are confused.
You feel invigorated. The yak gores you!
* * * LOW HITPOINT WARNING * * *
The yak barely misses you.
You bump into the rock wall.
The orc priest invokes the aid of Beogh against you.
Beogh smites you!
You die...

..............................
...∩.>.......########.........
..........)..# #..##########
)........)...########............
.........)..)....................
###############..############ #.
### #######..# #. ....
.........###############o ....
........@Yo.............. ##..#
###########..............
#..###############..############
##...................############
.................................
#...............................
#............########..........)
##............................)).
..............................)).


You could see a yak and an orc priest.

Vanquished Creatures
  Pikel (D:7)
  Maggie (D:6)
  A hornet (D:9)
  Grinder (D:5)
  Sigmund (D:3)
  A wraith (D:9)
  A wyvern (D:8)
  5 yaks
  4 vampire mosquitoes (D:7)
  A steam dragon (D:8)
  Edmund (D:6)
  6 water moccasins
  Duvessa (D:6)
  3 orc warriors
  An ice beast (D:7)
  2 sky beasts
  4 black bears
  An ogre (D:4)
  3 centaurs
  A phantom (D:6)
  3 lemures (D:6)
  A kobold brigand (D:8)
  4 bullfrogs
  3 scorpions
  8 wights
  Dowan (D:6)
  2 electric eels (D:8)
  3 howler monkeys
  Crazy Yiuf (D:5)
  5 orc priests
  A gnoll bouda (D:8)
  2 jellies
  2 sleepcaps
  4 iguanas
  9 orc wizards
  Robin (D:3)
  6 gnolls
  7 adders
  A shadow imp (D:7)
  2 white imps
  2 worms (D:4)
  5 dart slugs
  23 orcs
  11 ball pythons
  4 endoplasms
  4 giant cockroaches
  14 goblins
  4 hobgoblins
  10 jackals
  3 quokkas
  2 training dummies (D:6)
  11 bats
  2 frilled lizards
  11 kobolds
  6 rats
218 creatures vanquished.

Vanquished Creatures (others)
  An orc wizard (D:9)
1 creature vanquished.

Grand Total: 219 creatures vanquished

Notes
Turn   | Place    | Note
-------+----------+-------------------------------------------
     0 | D:1      | bjtr the Gargoyle Earth Elementalist began the quest for
                  | the Orb.
     0 | D:1      | Reached XP level 1. HP: 10/10 MP: 3/3
   106 | D:1      | Reached skill level 4 in Earth Magic
   106 | D:1      | Reached XP level 2. HP: 10/15 MP: 0/5
   456 | D:1      | Found Fitij's Magic Scroll Shoppe.
   485 | D:1      | Reached XP level 3. HP: 3/19 MP: 4/7
   732 | D:2      | Reached skill level 1 in Fighting
  1035 | D:2      | Reached XP level 4. HP: 25/25 MP: 4/8
  1108 | D:2      | Found a faded altar of an unknown god.
  1189 | D:2      | Found a burning altar of Makhleb.
  2071 | D:3      | Found a burning altar of Makhleb.
  2224 | D:3      | Found a large runed translucent door.
  2224 | D:3      | Found a large runed translucent door.
  2226 | D:3      | Noticed dolemite99's ghost (amateur MiSh)
  2251 | D:3      | Noticed Sigmund
  2259 | D:3      | Killed Sigmund
  2260 | D:3      | Reached skill level 1 in Armour
  2260 | D:3      | Reached XP level 5. HP: 26/30 MP: 2/9
  2260 | D:3      | Reached XP level 6. HP: 31/35 MP: 2/10
  2327 | D:3      | Learned a level 2 spell: Passwall
  2331 | D:3      | Learned a level 3 spell: Stone Arrow
  2336 | D:3      | Learned a level 4 spell: Petrify
  2379 | D:3      | Noticed Robin
  2402 | D:3      | Killed Robin
  2734 | D:3      | Found an ornate altar of the Wu Jian Council.
  3158 | D:4      | Reached skill level 5 in Earth Magic
  3222 | D:4      | Reached XP level 7. HP: 23/40 MP: 5/12
  3493 | D:4      | Found a bloodstained altar of Trog.
  3699 | D:5      | Entered Level 5 of the Dungeon
  3768 | D:5      | Found a snail-covered altar of Cheibriados.
  3836 | D:5      | Noticed Grinder
  3858 | D:5      | Paralysed by Grinder for 3 turns
  3861 | D:5      | Killed Grinder
  4020 | D:5      | Reached skill level 6 in Earth Magic
  4020 | D:5      | Reached XP level 8. HP: 35/46 MP: 9/13
  4195 | D:5      | Reached skill level 5 in Maces & Flails
  4340 | D:5      | Found a runed translucent door.
  4341 | D:5      | Noticed Crazy Yiuf
  4347 | D:5      | Killed Crazy Yiuf
  4978 | D:6      | Identified the staff "Qajemykk" {rElec rC+ Str+4 Dex-5 Ice}
  5016 | D:6      | Found a broken altar of Ashenzari.
  5017 | D:6      | Noticed Edmund
  5018 | D:6      | Noticed Maggie
  5018 | D:6      | Noticed Duvessa
  5020 | D:6      | Noticed Dowan
  5101 | D:6      | Killed Duvessa
  5113 | D:6      | Killed Edmund
  5114 | D:6      | Reached skill level 1 in Shields
  5116 | D:6      | Killed Dowan
  5270 | D:6      | Killed Maggie
  5271 | D:6      | Reached skill level 7 in Earth Magic
  5271 | D:6      | Reached XP level 9. HP: 14/52 MP: 12/16
  5555 | D:6      | Reached skill level 5 in Fighting
  5911 | D:6      | Noticed a +0 dagger
  5911 | D:6      | Noticed a +0 short sword
  5912 | D:6      | Noticed a +0 dagger
  5912 | D:6      | Noticed a +0 falchion
  5924 | D:6      | Reached skill level 5 in Spellcasting
  5925 | D:6      | Noticed a +0 spear
  5927 | D:6      | Noticed a +0 falchion
  5931 | D:6      | Noticed a +0 spear
  5934 | D:6      | Noticed a +0 short sword
  6113 | D:6      | Found a hide-covered altar of Uskayaw.
  6321 | D:6      | Found a staircase to the Ecumenical Temple.
  6346 | Temple   | Entered the Ecumenical Temple
  6440 | Temple   | Became a worshipper of Vehumet
  6493 | D:7      | Noticed Pikel
  6863 | D:7      | Killed Pikel
  6864 | D:7      | Reached skill level 8 in Earth Magic
  7020 | D:7      | Reached XP level 10. HP: 60/60 MP: 18/18
  7765 | D:8      | Reached skill level 9 in Earth Magic
  7782 | D:8      | Reached * piety under Vehumet
  7782 | D:8      | Offered knowledge of Foxfire by Vehumet.
  7932 | D:8      | Found Xipibbin's Book Emporium.
  7938 | D:8      | Identified the +1 dagger "Xeqic" {drain, Fly rC- rN+}
  8150 | D:8      | Found a staircase to the Lair.
  8166 | D:8      | Reached skill level 10 in Earth Magic
  8304 | D:8      | Found a runed translucent gate.
  8304 | D:8      | Found a runed translucent gate.
  8304 | D:8      | Found a runed translucent gate.
  8304 | D:8      | Noticed MathMan16's ghost (journeyman OpSh)
  8585 | D:9      | Noticed Erolcha
  8688 | D:9      | Found a staircase to the Orcish Mines.
  8691 | D:9      | Found Vaopn's Weapon Emporium.
  8737 | D:9      | Offered knowledge of Searing Ray by Vehumet.
  8849 | D:9      | Learned a level 2 spell: Searing Ray
  8860 | D:9      | Reached ** piety under Vehumet
  8861 | D:9      | Reached XP level 11. HP: 53/67 MP: 14/21
  9056 | D:9      | HP: 3/67 [orc priest/divine providence (15)]
  9061 | D:9      | Killed from afar by an orc priest

Illustrated notes

Levels and vault maps discovered:
D:1:      amcnicky_arrival_underground_garden, layout_rooms, serial_shops, shop
D:2:      layout_rooms, basic_altar, hellmonk_ecumenical_altar_zigzags
D:3:      layout_loops_corners, bloody_makhleb,
          nicolae_wu_jian_immortal_techniques, ebering_ghost_disaster_area,
          uniq_sigmund, uniq_robin
D:4:      layout_cave_pools, lemuel_doored_altar
D:5:      layout_basic, mainiacjoe_overflow_catwalk, uniq_crazy_yiuf_cottage,
          uniq_grinder
D:6:      dreamdust_elfheim, layout_loops_ring, mainiacjoe_overflow_alcove_4,
          nicolae_uskayaw_en_pointe, minmay_temple_entry_nine_rooms,
          uniq_maggie, uniq_edmund, uniq_duvessa
D:7:      layout_loops_ring, uniq_pikel
D:8:      layout_basic, due_lair_maze_entry_diamond, ebering_ghost_rock_garden,
          serial_shops, shop, kennysheep_diamond, hex_intersection, st_stairs_2
D:9:      layout_long_grid, kennysheep_mini, orc_david_3, uniq_erolcha
Temple:   jpeg_temple_clearing

Skill      XL: |  1  2  3  4  5  6  7  8  9 10 11 |
---------------+----------------------------------+-----
Earth Magic    | 4 5 6 7 8 10 | 10.3
Fighting       | 1 2 3 4 6 7 |  7.3
Dodging        | 2 3 |  3.8
Maces & Flails | 2 3 4 5 7 8 9 |  9.0
Armour         | 1 2 |  2.1
Spellcasting   | 3 4 5 6 |  6.8
Stealth        | 3 |  3.7
Shields        | 1 2 |  2.8
Transmutations | |  0.7

Action                     |  1- 3 |  4- 6 |  7- 9 | 10-12 || total
---------------------------+-------+-------+-------+-------++-------
  Melee: Dagger            |    51 |       |       |       ||    51
         Unarmed           |     4 |       |       |       ||     4
         Eveningstar       |    34 |    90 |   188 |   148 ||   460
         Punch             |       |       |     4 |     1 ||     5
   Cast: Sandblast         |    38 |    30 |    90 |    83 ||   241
         Passwall          |       |     2 |       |       ||     2
         Stone Arrow       |       |     1 |       |       ||     1
         Searing Ray       |       |       |       |     2 ||     2
    Use: Scroll            |       |     6 |     9 |     4 ||    19
         Potion            |       |       |     1 |     2 ||     3
   Stab: Sleeping          |     2 |       |     3 |       ||     5
         Distracted        |       |     1 |       |     1 ||     2
 Armour: Robe              |    58 |       |       |       ||    58
         Leather armour    |       |    53 |    57 |       ||   110
         Steam dragon scal |       |       |    69 |   122 ||   191
  Dodge: Dodged            |   110 |    60 |   141 |    87 ||   398
  Block: Other             |       |    28 |    53 |    25 ||   106
         Reflection        |       |     1 |     1 |     3 ||     5
         Kite shield       |       |       |       |    34 ||    34

Table legend: (Time is in decaauts)
 A = Elapsed time spent in this place.
 B = Non-inter-level travel time spent in this place.
 C = Inter-level travel time spent in this place.
 D = Time resting spent in this place.
 E = Time spent auto-exploring this place.
 F = Levels seen in this place.
 G = Mean time per level.
                   A        B        C        D        E       F      G
               +--------+--------+--------+--------+--------+-----+--------+
         Total |   9305 |   9102 |    203 |   1683 |   4996 |  10 |  930.5 |
       Dungeon |   9189 |   9029 |    160 |   1683 |   4938 |   9 | 1021.0 |
        Temple |    116 |     73 |     43 |      0 |     58 |   1 |  116.0 |
               +--------+--------+--------+--------+--------+-----+--------+

Top non-repeatable levels by time:
     D:6: 1777 daAuts
     D:3: 1689 daAuts
     D:5: 1267 daAuts
     D:7: 944 daAuts
     D:8: 847 daAuts
     D:2: 768 daAuts
     D:1: 744 daAuts
     D:4: 598 daAuts
     D:9: 552 daAuts
  Temple: 116 daAuts
